 Dungeon Crawl Stone Soup version 0.24.0-13-gcf9b3192b9 (webtiles) character file.

Game seed: 4555459080266442755, levelgen mode: deterministic

88 no0bjke the Chopper (level 4, 0/28 HPs)
             Began as a Gargoyle Fighter on Nov 5, 2019.
             Slain by a gnoll
             ... wielding a +0 halberd
              (3 damage)
             ... on level 3 of the Dungeon.
             The game lasted 00:02:51 (1972 turns).

no0bjke the Chopper (Gargoyle Fighter)              Turns: 1972, Time: 00:02:51

Health: 0/28       AC: 13    Str: 20    XL:     4   Next: 54%
Magic:  4/4        EV:  9    Int:  9    God:
Gold:   89         SH:  0    Dex:  9    Spells: 3/3 levels left

rFire    . . .     SeeInvis .   p - +0 battleaxe
rCold    . . .     Gourm    .   (shield currently unavailable)
rNeg     + . .     Faith    .   b - +0 scale mail
rPois    ∞         Spirit   .   j - +2 helmet
rElec    +         Reflect  .   (no cloak)
rCorr    .         Harm     .   (no gloves)
MR       .....                  (no boots)
Stlth    ..........             g - amulet of magic regeneration
HPRegen  0.09/turn              (no ring)
MPRegen  0.34/turn              (no ring)

@: no status effects
A: negative energy resistance 1, electricity resistance, unbreathing,
petrification resistance, rot immunity, AC +3
a: no special abilities


You were on level 3 of the Dungeon.
You were not hungry.

You visited 1 branch of the dungeon, and saw 3 of its levels.

You collected 89 gold pieces.

Inventory:

Hand Weapons
 a - a +0 war axe
 p - a +0 battleaxe (weapon)
Armour
 b - a +0 scale mail (worn)
 c - a +0 shield
 j - a +2 helmet (worn)
Jewellery
 g - an amulet of magic regeneration (around neck)
Scrolls
 h - a scroll of teleportation {unknown}
 i - a scroll of enchant weapon {unknown}
 k - 2 scrolls of remove curse {unknown}
 m - a scroll of blinking {unknown}
 o - 3 scrolls of identify {unknown}
 q - 2 scrolls of enchant armour {unknown}
 u - a scroll of magic mapping {unknown}
 v - 2 scrolls of fog {unknown}
 w - a scroll of amnesia {unknown}
Potions
 d - a potion of might
 e - a potion of curing {unknown}
 l - a potion of berserk rage {unknown}
 n - 3 potions of magic {unknown}
 r - a potion of ambrosia {unknown}
 t - a potion of invisibility {unknown}
Comestibles
 f - 5 rations


   Skills:
 - Level 3.2 Fighting
 * Level 4.2 Axes
 - Level 3.2 Armour
 - Level 3.2 Shields


You had 3 spell levels left.
You didn't know any spells.
Your spell library was empty.

Dungeon Overview and Level Annotations

Branches:
Dungeon (3/15)

Altars:
Kikubaaqudgha


Innate Abilities, Weirdness & Mutations

You are resistant to torment.
Your stone body is resilient. (AC +3)
You are immune to poison.
You resist negative energy. (rN+)
You are resistant to electric shocks. (rElec)
You can survive without breathing.
You are immune to petrification.
You are immune to rotting.


Message History

The gnoll completely misses you.
You barely miss the gnoll. The gnoll barely misses you.
The gnoll hits you from afar with a +0 halberd.
You hit the gnoll.
The gnoll is lightly wounded.
The gnoll barely misses you.
The gnoll hits you but does no damage. x2
You closely miss the gnoll.
The gnoll is lightly wounded.
The gnoll closely misses you. The gnoll barely misses you.
You hit the gnoll but do no damage.
The gnoll is lightly wounded.
The gnoll hits you but does no damage. The gnoll hits you with a +0 halberd.
The gnoll hits you from afar with a +0 halberd.
You barely miss the gnoll.
The gnoll is lightly wounded.
The gnoll hits you with a +0 halberd!
* * * LOW HITPOINT WARNING * * *
The gnoll closely misses you.
The gnoll hits you from afar with a +0 halberd.
You die...

##############
#.<....#.....#
#.####.#.###.######.###
#.####.#.# #..@.gggl...
#........# ########...#
#.#.##.### # #.#.##.#
#...<..# #......#
###.#### #.# #.#


You could see 3 gnolls and a frilled lizard.

Vanquished Creatures
  Robin (D:2)
  2 adders (D:2)
  A worm (D:3)
  2 dart slugs (D:1)
  A leopard gecko (D:1)
  A ball python (D:2)
  2 giant cockroaches (D:1)
  13 goblins
  11 hobgoblins
  4 kobolds
  4 bats
  A frilled lizard (D:2)
  6 rats
49 creatures vanquished.

Notes
Turn   | Place    | Note
-------+----------+-------------------------------------------
     0 | D:1      | no0bjke the Gargoyle Fighter began the quest for the Orb.
     0 | D:1      | Reached XP level 1. HP: 14/14 MP: 1/1
    53 | D:1      | Reached skill level 2 in Axes
   237 | D:1      | Reached XP level 2. HP: 18/19 MP: 2/2
   697 | D:1      | Reached skill level 3 in Axes
   756 | D:2      | Noticed Robin
   767 | D:2      | Reached XP level 3. HP: 21/23 MP: 3/3
   778 | D:2      | HP: 1/23 [goblin[Robin] (2)]
   969 | D:2      | Killed Robin
  1438 | D:2      | Reached XP level 4. HP: 28/28 MP: 4/4
  1527 | D:2      | Reached skill level 4 in Axes
  1662 | D:2      | Found an ancient bone altar of Kikubaaqudgha.
  1972 | D:3      | Slain by a gnoll

Levels and vault maps discovered:
D:1:      dpeg_arrival_yet_another_circle, layout_basic, minivault_11
D:2:      layout_basic, nicolae_overflow_crystal_walls, nrook_mini_vaults,
          uniq_robin
D:3:      layout_loops_cross, uniq_grinder

Skill      XL: |  1  2  3  4 |
---------------+-------------+-----
Axes           | 2 3 4 |  4.2
Fighting       | |  3.2
Armour         | |  3.2
Shields        | |  3.2

Action                   |  1- 3 |  4- 6 || total
-------------------------+-------+-------++-------
Melee: War axe           |   115 |       ||   115
       Battleaxe         |     3 |    51 ||    54
  Use: Potion            |     1 |       ||     1
  Eat: Chunk             |     1 |     3 ||     4
Armor: Scale mail        |   105 |    45 ||   150
Dodge: Dodged            |    64 |    26 ||    90
Block: Shield            |    85 |       ||    85
